woodfighter, neutral female human Wizard ---- ------ |..--- --- ---.--.--- ---....| ---.--- ---- --........| |......| |....<-- |..----.........| -......| |......-- |...........--.---------- |...|...| ---.. --- ---.....-----.---.........%.)[[[).--------..------ |...---.-- ----....| |.| --...-----------%..%..........| |........| ---...| |.| --..| ------[-----------.------ -.|.....-- ----|....-| |.| ---- --- |..----- |...|..|.. ---...- |..-|.--..| |.---- --.---...| ----...(>.- --@.. --...|.||^.| |....-- |...[....-- --.......... ..... ------......||..| |.....|----^..*.....| |....--.-..-----... --..||.......|---- |.|...--.|..........| --.--- .....--.... |...|--......| |.|.................---- --- ...^..... |-..----.....| ---................*.%...| ........ |....#---.%..-----.....---.--.............| --...|.. --...^..)....%...........................-- |..-- |..----------........-----------........| ---- ---- ---.--.--- ---.|.|.-- ------ ------- woodfighter the Thaumaturge Experience level: 8 Strength: 12 Dexterity: 15 Constitution: 12 Intelligence: 19 Wisdom: 13 Charisma: 9 Health: 0(50) Energy: 88(98) Def: 10 Gold: 0 Moves: 5017 Dungeon seed: O10WzwxWtdGq2Yop Game ID: woodfighter_1446896249 Your Inventory: Weapons a - a blessed +1 quarterstaff (weapon in hands) Armor e - an uncursed +0 cloak of magic resistance (being worn) g - an uncursed +0 studded leather armor (being worn) n - an uncursed +0 dwarvish cloak u - a blessed greased +2 dwarvish iron helm (being worn) Y - an uncursed +0 pair of iron shoes (being worn) Comestibles k - an uncursed sprig of wolfsbane x - an uncursed fortune cookie E - an uncursed pear X - an uncursed food ration Rings W - an uncursed ring of invisibility (on left hand) Wands p - a wand of secret door detection (0:14) Tools c - an uncursed lock pick s - an uncursed sack t - an uncursed blindfold M - an uncursed magic lamp Gems q - an uncursed touchstone Contents of the sack: 395 gold pieces an uncursed +1 mummy wrapping 2 uncursed scrolls of create monster an uncursed scroll of water a blessed potion of confusion an uncursed potion of invisibility an uncursed ring of cold resistance an uncursed ring of cold resistance an uncursed ring of slow digestion a can of grease (0:10) a +0 pick-axe Spells and supernatural/magical abilities: Name Level Category Fail Memory a - force bolt 1 attack 3% 75% m - magic missile 2 attack 0% 88% r - remove curse 3 clerical 87% 75% w - wizard lock 2 matter 63% 93% E - detect food 2 divination 63% 98% W - pray for help -- divine ? -- Your skills at the end: Miscellaneous Skills wands [Basic] Weapon Skills quarterstaff [Basic] Spellcasting Skills attack spells [Skilled] enchantment spells [Basic] Final Attributes: You were devoutly aligned. You were magic-protected. You were telepathic. You were invisible. You are dead. Vanquished creatures: a leprechaun a spotted jelly a giant spider a gnome king a brown pudding a yeti a werewolf a dingo a dwarf lord a blue jelly a dust vortex a raven a gnome mummy 2 bugbears a wood nymph 17 Uruk-hai a pony a fog cloud 3 yellow lights 2 shriekers 13 gnome lords 3 gnomish wizards a red naga hatchling a black naga hatchling a giant ant 2 little dogs a floating eye a kitten 17 dwarves 2 homunculi a rabid rat a centipede 2 giant bats an orc zombie 2 coyotes 3 hobbits a gecko 3 hobgoblins 3 giant rats 2 cave spiders 47 gnomes 2 jackals 2 kobolds 2 newts a goblin 6 sewer rats 2 grid bugs 2 lichens a kobold zombie 166 creatures vanquished. Voluntary challenges: You had been an atheist until turn 2343. You used a wielded weapon 186 times, starting on turn 1. You did not apply a unicorn horn. You read items or engraved 12 times, starting on turn 1927. You never genocided any monsters. You never polymorphed an object. You never changed form. You used no wishes. You never split a pudding. You never wrote Elbereth's name. You violated your moral code, losing 1 point of alignment, starting on turn 4291. Dungeon overview: The Dungeons of Doom: levels 1 to 3 Level 1 (vault) a long staircase Level 2 stairs to The Gnomish Mines Level 3 The Gnomish Mines: levels 3 to 9 Level 3 stairs to The Dungeons of Doom Level 4 Level 5 Level 6 many shops, a temple to Ptah, a magic chest, some fountains Level 7 Level 8 <- You were here Level 9 History has recorded: On T:1 you entered the Dungeons of Doom to retrieve the Amulet of Yendor! On T:63 you reached level 2 of The Dungeons of Doom. On T:451 you reached level 1 of The Gnomish Mines. On T:480 you advanced to experience level 2. On T:509 you reached level 3 of The Dungeons of Doom. On T:723 you reached level 2 of The Gnomish Mines. On T:743 you advanced to experience level 3. On T:899 you advanced to experience level 4. On T:1223 you reached level 3 of The Gnomish Mines. On T:1574 you advanced to experience level 5. On T:2036 you reached level 4 of The Gnomish Mines. On T:2423 you entered the Minetown temple On T:2440 you opened a magic chest. On T:2520 you opened a magic chest. On T:2521 you opened a magic chest. On T:2523 you opened a magic chest. On T:2524 you opened a magic chest. On T:2533 you opened a magic chest. On T:2537 you opened a magic chest. On T:2537 you opened a magic chest. On T:2842 you advanced to experience level 6. On T:3134 you opened a magic chest. On T:3135 you opened a magic chest. On T:3137 you opened a magic chest. On T:3138 you opened a magic chest. On T:3138 you opened a magic chest. On T:3532 you opened a magic chest. On T:3545 you opened a magic chest. On T:3660 you reached level 5 of The Gnomish Mines. On T:3696 you advanced to experience level 7. On T:3943 you reached level 6 of The Gnomish Mines. On T:4335 you opened a magic chest. On T:4336 you opened a magic chest. On T:4348 you opened a magic chest. On T:4349 you opened a magic chest. On T:4496 you opened a magic chest. On T:4830 you advanced to experience level 8. On T:4925 you reached level 7 of The Gnomish Mines. Score breakdown: Gold: 395 ( 39 points) Experience: 8 levels ( 700 points) Exploration: 9 levels ( 240 points) Discoveries: 19 items ( 950 points) Variety of kills: 49 monsters ( 2000 points) Major goal: reached Minetown ( 500 points) Survival: died (score multiplied by 3) Total score: 13287 Latest messages: You put an uncursed gem called valuable into the magic chest. (2x) You put 2 uncursed gems called glass into the magic chest. (2x) You put an uncursed gem called glass into the magic chest. (3x) You sold a dwarvish cloak for 25 gold pieces. You drop 5 tallow candles. You sold 5 tallow candles for 25 gold pieces. You drop 3 wax candles. You sold 3 wax candles for 30 gold pieces. Your movements are now unencumbered. You sold an uncursed dwarvish cloak for 25 gold pieces. You drop a cursed dwarvish cloak. You sold a cursed dwarvish cloak for 25 gold pieces. You cannot drop something you are wearing. You drop a cursed dwarvish cloak. You sold a cursed dwarvish cloak for 25 gold pieces. You drop an uncursed dwarvish cloak. The magic missile hits the Grey-elf! The Grey-elf thrusts her runed spear. The Grey-elf jabs you! You die... Final status: Goodbye woodfighter the Wizard, killed by a Grey-elf... You died in The Gnomish Mines on dungeon level 8 with 13287 points, and 395 pieces of gold, after 5017 moves. You were level 8 with a maximum of 50 hit points when you died.